ESL (28 & UNDER)
SPRINGFIELD SIMPSONS @ BUTLER WHITE SOX
05/13/2027
 
TOP OF THE 1ST
Springfield Simpsons batting - Pitching for Butler White Sox : LHP Dexter Browning
Pitching: LHP Dexter Browning
Batting: RHB Jorge Collazo 0-0: Called Strike
0-1: Swinging Strike
0-2: Ball
1-2: DOUBLE (Line Drive, 89XD)
Batting: LHB Todd Anderson 0-0: Called Strike
0-1: Swinging Strike
0-2: Strikes out swinging
Batting: LHB Mitchell Oglethorpe 0-0: Ball
1-0: 2-RUN HOME RUN (Flyball, 9D), Distance : 357 ft
Batting: RHB Manny Ramírez 0-0: Fly out, F9 (Flyball, 9S)
Batting: RHB Bob Carr 0-0: Ball
1-0: Swinging Strike
1-1: Ball
2-1: Foul Ball, location: 2F
2-2: Ball
3-2: Foul Ball, location: 2F
3-2: Base on Balls
Batting: LHB Raúl Morales 0-0: Called Strike
0-1: Ball
1-1: SINGLE (Line Drive, 34D)
Bob Carr to second
Batting: RHB Esteban Salas 0-0: Ball
1-0: Ball
2-0: Foul Ball, location: 2F
2-1: Called Strike
2-2: Ball
3-2: SINGLE (Groundball, 5D)
Bob Carr to third
Raúl Morales to second
Bob Carr scores
Raúl Morales to third
Batting: RHB Roberto Solís 0-0: Foul Ball, location: 2F
0-1: DOUBLE (Flyball, 89M)
Raúl Morales scores
Esteban Salas to third
Runner from 3rd tries for Home, SAFE, throw made home
Batting: LHB Jesús Raugel 0-0: Ball
1-0: Ball
2-0: Called Strike
2-1: Foul Ball, location: 2F
2-2: Ball
3-2: Base on Balls
Batting: RHB Jorge Collazo 0-0: Fielders Choice at 2nd, 5-4 (Groundball, 56)
Top of the 1st over - 5 run(s), 5 hit(s), 0 error(s), 1 left on base; Springfield 5 - Butler 0
BOTTOM OF THE 1ST
Butler White Sox batting - Pitching for Springfield Simpsons : RHP Carl Henry
Pitching: RHP Carl Henry
Batting: RHB Jerry Moore 0-0: Swinging Strike
0-1: Swinging Strike
0-2: Foul Ball, location: 2F
0-2: Ball
1-2: Strikes out swinging
Batting: SHB Tomás Escobar 0-0: Ball
1-0: Foul Ball, location: 2F
1-1: Swinging Strike
1-2: Strikes out swinging
Batting: LHB Dave Cook 0-0: Called Strike
0-1: Called Strike
0-2: Strikes out swinging
Bottom of the 1st over - 0 run(s), 0 hit(s), 0 error(s), 0 left on base; Springfield 5 - Butler 0
TOP OF THE 2ND
Springfield Simpsons batting - Pitching for Butler White Sox : LHP Dexter Browning
Batting: LHB Todd Anderson 0-0: Ball
1-0: SINGLE (Groundball, 34D)
Batting: LHB Mitchell Oglethorpe 0-0: Called Strike
0-1: Foul Ball, location: 2F
0-2: Strikes out swinging
Batting: RHB Manny Ramírez 0-0: DOUBLE (Flyball, 78D)
Todd Anderson to third
Runner from 3rd tries for Home, SAFE, no throw
Batting: RHB Bob Carr 0-0: Ball
1-0: Foul Ball, location: 2F
1-1: Ball
2-1: Ground out 6-3 (Groundball, 6)
Batting: LHB Raúl Morales 0-0: Ball
1-0: Fly out, F8 (Line Drive, 89M)
Top of the 2nd over - 1 run(s), 2 hit(s), 0 error(s), 1 left on base; Springfield 6 - Butler 0
BOTTOM OF THE 2ND
Butler White Sox batting - Pitching for Springfield Simpsons : RHP Carl Henry
Batting: LHB Milton Watson 0-0: Ball
1-0: Swinging Strike
1-1: Swinging Strike
1-2: Strikes out swinging
Batting: RHB Bo Vickers 0-0: Called Strike
0-1: Ball
1-1: Swinging Strike
1-2: Strikes out swinging
Batting: LHB Denny Allen 0-0: Foul Ball, location: 2F
0-1: Ball
1-1: Called Strike
1-2: Foul Ball, location: 2F
1-2: Strikes out swinging
Bottom of the 2nd over - 0 run(s), 0 hit(s), 0 error(s), 0 left on base; Springfield 6 - Butler 0
TOP OF THE 3RD
Springfield Simpsons batting - Pitching for Butler White Sox : LHP Dexter Browning
Batting: RHB Esteban Salas 0-0: Ball
1-0: Swinging Strike
1-1: Swinging Strike
1-2: Ball
2-2: Foul Ball, location: 2F
2-2: Ball
3-2: Fly out, F7 (Flyball, 78M)
Pitching: RHP Steve Newman
Batting: RHB Roberto Solís 0-0: Called Strike
0-1: SINGLE (Groundball, 56D)
Batting: LHB Jesús Raugel 0-0: SINGLE (Line Drive, 8LS)
Roberto Solís to second
Batting: RHB Jorge Collazo 0-0: Called Strike
0-1: Hit by Pitch
Roberto Solís to third
Jesús Raugel to second
Batting: LHB Todd Anderson 0-0: Ball
1-0: Foul Ball, location: 2F
1-1: Swinging Strike
1-2: Ball
2-2: Strikes out swinging
Batting: LHB Mitchell Oglethorpe 0-0: Called Strike
0-1: SINGLE (Flyball, 7LS)
Roberto Solís scores
Jesús Raugel to third
Jorge Collazo to second
Runner from 3rd tries for Home, SAFE, no throw
Batting: RHB Manny Ramírez 0-0: Ball
1-0: Called Strike
1-1: Called Strike
1-2: Ball
2-2: Foul Ball, location: 2F
2-2: Ball
3-2: Foul Ball, location: 2F
3-2: Strikes out swinging
Top of the 3rd over - 2 run(s), 3 hit(s), 0 error(s), 2 left on base; Springfield 8 - Butler 0
BOTTOM OF THE 3RD
Butler White Sox batting - Pitching for Springfield Simpsons : RHP Carl Henry
Batting: LHB Thomas Dixon 0-0: Called Strike
0-1: Swinging Strike
0-2: Foul Ball, location: 2F
0-2: Ball
1-2: Ball
2-2: Strikes out swinging
Batting: RHB José Darias 0-0: Called Strike
0-1: Ball
1-1: Swinging Strike
1-2: SINGLE (Flyball, 8LS)
Batting: RHB Steve Clifton 0-0: Grounds into double play, 6-4-3 (Groundball, 6)
Bottom of the 3rd over - 0 run(s), 1 hit(s), 0 error(s), 0 left on base; Springfield 8 - Butler 0
TOP OF THE 4TH
Springfield Simpsons batting - Pitching for Butler White Sox : RHP Steve Newman
Batting: RHB Bob Carr 0-0: Ball
1-0: Foul Ball, location: 2F
1-1: Ball
2-1: Swinging Strike
2-2: Ball
3-2: Foul Ball, location: 2F
3-2: Foul Ball, location: 2F
3-2: Base on Balls
Batting: LHB Raúl Morales 0-0: Fielders Choice at 2nd, 4-6 (Groundball, 34)
Batting: RHB Esteban Salas 0-0: Called Strike
0-1: Ball
1-1: Foul Ball, location: 2F
1-2: Ball
2-2: Fly out, F6 (Line Drive, 6)
Batting: RHB Roberto Solís 0-0: Called Strike
0-1: Fielders Choice at 2nd, 4-6 (Groundball, 4D)
Top of the 4th over - 0 run(s), 0 hit(s), 0 error(s), 0 left on base; Springfield 8 - Butler 0
BOTTOM OF THE 4TH
Butler White Sox batting - Pitching for Springfield Simpsons : RHP Carl Henry
Batting: RHB Jerry Moore 0-0: Called Strike
0-1: Fly out, F9 (Flyball, 9LSF)
Batting: SHB Tomás Escobar 0-0: Ball
1-0: Ground out 4-3 (Groundball, 4M)
Batting: LHB Dave Cook 0-0: Called Strike
0-1: Foul Ball, location: 2F
0-2: Ball
1-2: Ball
2-2: Ball
3-2: Foul Ball, location: 2F
3-2: Fly out, F5 (Line Drive, 56D)
Bottom of the 4th over - 0 run(s), 0 hit(s), 0 error(s), 0 left on base; Springfield 8 - Butler 0
TOP OF THE 5TH
Springfield Simpsons batting - Pitching for Butler White Sox : RHP Steve Newman
Batting: LHB Jesús Raugel 0-0: Called Strike
0-1: Foul Ball, location: 2F
0-2: Foul Ball, location: 2F
0-2: Ball
1-2: Strikes out swinging
Batting: RHB Jorge Collazo 0-0: Called Strike
0-1: Ball
1-1: Ball
2-1: Ball
3-1: Base on Balls
Pitching: RHP Wilson Yoxall
Batting: LHB Todd Anderson 0-0: Ball
1-0: Called Strike
1-1: Ball
2-1: Foul Ball, location: 2F
2-2: Ball
3-2: Foul Ball, location: 2F
3-2: Base on Balls
Jorge Collazo to second
Batting: LHB Mitchell Oglethorpe 0-0: Ball
1-0: Ball
2-0: DOUBLE (Flyball, 89XD)
Jorge Collazo scores
Todd Anderson to third
Runner from 3rd tries for Home, SAFE, no throw
Batting: RHB Manny Ramírez 0-0: Called Strike
0-1: Ball
1-1: Foul Ball, location: 2F
1-2: Foul Ball, location: 2F
1-2: Foul Ball, location: 2F
1-2: Strikes out looking
Batting: RHB Bob Carr 0-0: Ball
1-0: SINGLE (Line Drive, 6MD)
Mitchell Oglethorpe to third
Runner from 3rd tries for Home, SAFE, no throw
Batting: LHB Raúl Morales 0-0: Called Strike
0-1: Ball
1-1: Called Strike
1-2: SINGLE (Line Drive, 5L)
Bob Carr to second
Batting: RHB Esteban Salas 0-0: Ball
1-0: Fielders Choice at 2nd, 6-4 (Groundball, 6)
Top of the 5th over - 3 run(s), 3 hit(s), 0 error(s), 1 left on base; Springfield 11 - Butler 0
BOTTOM OF THE 5TH
Butler White Sox batting - Pitching for Springfield Simpsons : RHP Carl Henry
Batting: LHB Milton Watson 0-0: Ball
1-0: Ball
2-0: Ball
3-0: Called Strike
3-1: Base on Balls
Batting: RHB Bo Vickers 0-0: Hit by Pitch
Milton Watson to second
Batting: LHB Denny Allen 0-0: Ball
1-0: Called Strike
1-1: SINGLE (Line Drive, 4MD)
Milton Watson to third
Bo Vickers to second
Batting: LHB Thomas Dixon 0-0: Ball
1-0: Swinging Strike
1-1: Ball
2-1: Ball
3-1: Fielders Choice at 2nd, 4-6 (Groundball, 4)
Milton Watson scores
Bo Vickers to third
Batting: RHB José Darias 0-0: Called Strike
0-1: Ball
1-1: Called Strike
1-2: Strikes out looking
Thomas Dixon steals 2nd base
Batter strikes out.
Batting: RHB Steve Clifton 0-0: Ball
1-0: Ball
2-0: Foul Ball, location: 2F
2-1: Foul Ball, location: 2F
2-2: Strikes out swinging
Bottom of the 5th over - 1 run(s), 1 hit(s), 0 error(s), 2 left on base; Springfield 11 - Butler 1
TOP OF THE 6TH
Springfield Simpsons batting - Pitching for Butler White Sox : RHP Wilson Yoxall
Batting: RHB Roberto Solís 0-0: Called Strike
0-1: Ball
1-1: Ball
2-1: Ball
3-1: Base on Balls
Batting: LHB Jesús Raugel 0-0: Swinging Strike
0-1: Ball
1-1: Fly out, F7 (Flyball, 7)
Batting: RHB Jorge Collazo 0-0: 2-RUN HOME RUN (Flyball, 9LD), Distance : 367 ft
Pitching: RHP Juan Silva
Batting: LHB Todd Anderson 0-0: Ball
1-0: Ball
2-0: Swinging Strike
2-1: Ball
3-1: Called Strike
3-2: Foul Ball, location: 2F
3-2: Foul Ball, location: 2F
3-2: SOLO HOME RUN (Flyball, 89XD), Distance : 411 ft
Batting: LHB Mitchell Oglethorpe 0-0: Ball
1-0: Called Strike
1-1: Foul Ball, location: 2F
1-2: Strikes out looking
Batting: RHB Manny Ramírez 0-0: Called Strike
0-1: Ball
1-1: Ball
2-1: Ball
3-1: Base on Balls
Batting: RHB Bob Carr 0-0: Ball
1-0: Foul Ball, location: 2F
1-1: Called Strike
1-2: Ground out 5-3 (Groundball, 56S)
Top of the 6th over - 3 run(s), 2 hit(s), 0 error(s), 1 left on base; Springfield 14 - Butler 1
BOTTOM OF THE 6TH
Butler White Sox batting - Pitching for Springfield Simpsons : RHP Carl Henry
Batting: RHB Jerry Moore 0-0: Ball
1-0: Ball
2-0: Ball
3-0: Base on Balls
Batting: SHB Tomás Escobar 0-0: Called Strike
0-1: Ball
1-1: Swinging Strike
1-2: Ball
2-2: Strikes out swinging
Batting: LHB Dave Cook 0-0: Called Strike
Jerry Moore steals 2nd base
0-1: Foul Ball, location: 2F
0-2: Foul Ball, location: 2F
0-2: Ball
1-2: Strikes out looking
Batting: LHB Milton Watson 0-0: Called Strike
0-1: Foul Ball, location: 2F
0-2: Ball
1-2: Strikes out looking
Bottom of the 6th over - 0 run(s), 0 hit(s), 0 error(s), 1 left on base; Springfield 14 - Butler 1
TOP OF THE 7TH
Springfield Simpsons batting - Pitching for Butler White Sox : RHP Juan Silva
Batting: LHB Raúl Morales 0-0: Ball
1-0: Foul Ball, location: 2F
1-1: Ground out 2-3 (Groundball, 2L)
Batting: RHB Esteban Salas 0-0: Ball
1-0: Ball
2-0: Called Strike
2-1: Ball
3-1: Foul Ball, location: 2F
3-2: Base on Balls
Batting: RHB Roberto Solís 0-0: Grounds into double play, 5-4-3 (Groundball, 56)
Top of the 7th over - 0 run(s), 0 hit(s), 0 error(s), 0 left on base; Springfield 14 - Butler 1
BOTTOM OF THE 7TH
Butler White Sox batting - Pitching for Springfield Simpsons : RHP Carl Henry
Batting: RHB Bo Vickers 0-0: Called Strike
0-1: Swinging Strike
0-2: Ball
1-2: Foul Ball, location: 2F
1-2: Foul Ball, location: 2F
1-2: Strikes out looking
Batting: LHB Denny Allen 0-0: Called Strike
0-1: Ball
1-1: Ball
2-1: Foul Ball, location: 2F
2-2: Strikes out swinging
Batting: LHB Thomas Dixon 0-0: Foul Ball, location: 2F
0-1: Ball
1-1: Called Strike
1-2: Strikes out swinging
Bottom of the 7th over - 0 run(s), 0 hit(s), 0 error(s), 0 left on base; Springfield 14 - Butler 1
TOP OF THE 8TH
Springfield Simpsons batting - Pitching for Butler White Sox : RHP Juan Silva
Batting: LHB Jesús Raugel 0-0: Called Strike
0-1: Ball
1-1: Ball
2-1: Swinging Strike
2-2: Foul Ball, location: 2F
2-2: Strikes out swinging
Batting: RHB Jorge Collazo 0-0: Foul Ball, location: 2F
0-1: Called Strike
0-2: Ball
1-2: Strikes out swinging
Batting: LHB Todd Anderson 0-0: Ball
1-0: Ball
2-0: Ball
3-0: Base on Balls
Batting: LHB Mitchell Oglethorpe 0-0: Ball
1-0: Foul Ball, location: 2F
1-1: Ball
2-1: Ball
3-1: Called Strike
3-2: SINGLE (Groundball, 4S) (infield hit)
Todd Anderson to second
Pinch Runner at 1st Jorge García:
Batting: RHB Manny Ramírez 0-0: Ball
1-0: Called Strike
1-1: Ball
2-1: Called Strike
2-2: Ball
3-2: Strikes out looking
Top of the 8th over - 0 run(s), 1 hit(s), 0 error(s), 2 left on base; Springfield 14 - Butler 1
BOTTOM OF THE 8TH
Butler White Sox batting - Pitching for Springfield Simpsons : RHP Carl Henry
Pitching: RHP David Nanod
Now at 1B: Jorge García
Now at 2B: Pedro Cerda
Now in RF: Bruce Foster
Pinch Hitting: RHB Ken Longoria 0-0: Ball
1-0: Called Strike
1-1: Ball
2-1: Swinging Strike
2-2: Strikes out swinging
Batting: RHB Steve Clifton 0-0: Called Strike
0-1: Called Strike
0-2: Foul Ball, location: 2F
0-2: Ball
1-2: Foul Ball, location: 2F
1-2: Strikes out swinging
Batting: RHB Jerry Moore 0-0: Ball
1-0: Called Strike
1-1: Ball
2-1: Foul Ball, location: 2F
2-2: Ball
3-2: Fly out, F9 (Flyball, 9S)
Bottom of the 8th over - 0 run(s), 0 hit(s), 0 error(s), 0 left on base; Springfield 14 - Butler 1
TOP OF THE 9TH
Springfield Simpsons batting - Pitching for Butler White Sox : RHP Juan Silva
Pitching: RHP Bartho Manshert
Now in CF: Luis Ramos
Batting: RHB Bob Carr 0-0: Ball
1-0: Ball
2-0: Ball
3-0: Called Strike
3-1: Ground out 4-3 (Groundball, 4)
Batting: LHB Raúl Morales 0-0: Ball
1-0: Called Strike
1-1: Ground out 6-3 (Groundball, 6)
Batting: RHB Esteban Salas 0-0: Ball
1-0: Ground out 4-3 (Groundball, 4)
Top of the 9th over - 0 run(s), 0 hit(s), 0 error(s), 0 left on base; Springfield 14 - Butler 1
BOTTOM OF THE 9TH
Butler White Sox batting - Pitching for Springfield Simpsons : RHP David Nanod
Batting: SHB Tomás Escobar 0-0: Swinging Strike
0-1: Ball
1-1: Foul Ball, location: 2F
1-2: Strikes out swinging
Batting: LHB Dave Cook 0-0: Foul Ball, location: 2F
0-1: Foul Ball, location: 2F
0-2: Ball
1-2: Ball
2-2: Ball
3-2: SINGLE (Line Drive, 34)
Pinch Hitting: RHB Bobby Murdock 0-0: Swinging Strike
0-1: Ball
1-1: Ball
2-1: SINGLE (Line Drive, 89M)
Dave Cook to second
Pitching: RHP Cristián Torres
Pinch Hitting: RHB Tom Lang 0-0: Ball
1-0: Ball
2-0: Grounds into double play, 5-4-3 (Groundball, 56)
Bottom of the 9th over - 0 run(s), 2 hit(s), 0 error(s), 1 left on base; Springfield 14 - Butler 1
Thursday, March 30th, 2017 - OOTP Baseball 17.12 Build 75